 Dungeon Crawl Stone Soup version 0.23-a0-395-gcf17ac6 (webtiles) character file.

1379 XanderDroid the Thaumaturge (level 8, 0/58 HPs)
             Began as a Gnoll Wizard on Nov 1, 2018.
             Was an Initiate of Ashenzari.
             Killed from afar by an orc wizard (7 damage)
             ... with a puff of flame
             ... on level 6 of the Dungeon.
             The game lasted 00:34:02 (7156 turns).

XanderDroid the Thaumaturge (Gnoll Wizard)          Turns: 7156, Time: 00:34:03

Health: 0/58       AC:  2    Str:  7 (9)  XL:     8   Next: 66%
Magic:  18/20      EV: 15    Int: 22      God:    Ashenzari [......]
Gold:   244        SH:  0    Dex: 15      Spells: 12/23 levels left

rFire    . . .     SeeInvis .   z - +1 dagger (freeze)
rCold    . . .     Gourm    .   (no shield)
rNeg     . . .     Faith    .   a - +0 robe
rPois    .         Spirit   .   b - +0 hat
rElec    .         Reflect  .   (no cloak)
rCorr    .         Harm     .   (no gloves)
MR       .....                  (no boots)
Stlth    ++........             t - amulet of magic regeneration
HPRegen  0.19/turn              k - ring of attention (curse)
MPRegen  0.42/turn              e - ring of wizardry (curse)

@: very slightly contaminated
A: distributed training, fangs 1, strong nose
a: Curse Item, Renounce Religion


You were on level 6 of the Dungeon.
You worshipped Ashenzari.
Ashenzari was noncommittal.
You were not hungry.

You visited 1 branch of the dungeon, and saw 6 of its levels.

You collected 244 gold pieces.

Inventory:

Hand Weapons
 z - a +1 dagger of freezing (weapon)
Armour
 a - a +0 robe (worn)
 b - a +0 hat (worn)
 c - a +0 shield
Jewellery
 e - a cursed ring of wizardry (right hand)
 k - a cursed ring of attention (left hand)
 t - an amulet of magic regeneration (around neck)
Scrolls
 f - a scroll of enchant armour
 j - a scroll of fog
 q - a scroll of identify
 r - a scroll of magic mapping
 s - 2 scrolls of amnesia {unknown}
 u - a scroll of blinking {unknown}
 v - 2 scrolls of teleportation
 x - 3 scrolls of enchant weapon
 y - 2 scrolls of remove curse
 D - a scroll of brand weapon {unknown}
Potions
 g - 4 potions of curing
 h - a potion of magic {unknown}
 i - 2 potions of brilliance
 l - a potion of lignification {unknown}
 m - a potion of flight {unknown}
 n - a potion of cancellation {unknown}
 o - a potion of resistance {unknown}
 p - a potion of agility {unknown}
 w - a potion of invisibility {unknown}
 B - a potion of ambrosia {unknown}
 C - a potion of berserk rage {unknown}
Comestibles
 d - 9 rations


   Skills:
 + Level 3.4 Fighting
 + Level 3.4 Short Blades
 + Level 3.4 Long Blades
 + Level 3.4 Axes
 + Level 3.4 Maces & Flails
 + Level 3.4 Polearms
 + Level 3.4 Staves
 + Level 3.4 Slings
 + Level 3.4 Bows
 + Level 3.4 Crossbows
 + Level 3.4 Throwing
 + Level 3.4 Armour
 + Level 5.8 Dodging
 + Level 5.4 Stealth
 + Level 3.4 Shields
 + Level 3.4 Unarmed Combat
 + Level 8.0 Spellcasting
 + Level 3.5 Conjurations
 + Level 2.8 Hexes
 + Level 2.8 Charms
 + Level 3.5 Summonings
 + Level 2.8 Necromancy
 + Level 3.5 Translocations
 + Level 2.8 Transmutations
 + Level 2.8 Fire Magic
 + Level 2.8 Ice Magic
 + Level 2.8 Air Magic
 + Level 2.8 Earth Magic
 + Level 2.8 Poison Magic
 + Level 3.7 Invocations
 + Level 3.4 Evocations


You had 12 spell levels left.
You knew the following spells:

 Your Spells              Type           Power        Failure   Level  Hunger
a - Magic Dart            Conj           ###.         1%          1    None
b - Blink                 Tloc           N/A          1%          2    None
c - Call Imp              Summ           ###.....     1%          2    None
d - Conjure Flame         Conj/Fire      ###.....     2%          3    None
e - Mephitic Cloud        Conj/Pois/Air  ###.....     2%          3    None

Your spell library contained the following spells:

 Spells                   Type           Power        Failure   Level  Hunger
 Slow                     Hex            ###.....     1%          2    None


Dungeon Overview and Level Annotations

Branches:
Dungeon (6/15)
 Temple: D:4-7

Altars:
Ashenzari
Dithmenos
Hepliaklqana
Kikubaaqudgha
Qazlal
Yredelemnul
The Shining One


Innate Abilities, Weirdness & Mutations

Your experience applies equally to all skills.
You have very sharp teeth.
Your uncanny sense of smell can sniff out nearby items.


Message History

The magic dart hits the orc wizard.
The orc wizard is almost dead.
The orc wizard gestures wildly while chanting.
The orc wizard seems to speed up.
Your crimson imp hits the orc wizard but does no damage.
Casting: Magic Dart (safe; 1% risk of failure)
Confirm with . or Enter, or press ? or * to list all spells.
Aiming: Magic Dart (safe; 1% risk of failure)
Press: ? - help, Shift-Dir - straight line, f/p - orc wizard
Aim: an orc wizard, wielding a +1 dagger of electrocution and wearing a +0 robe You miscast Magic Dart.
You are very lightly contaminated with residual magic.
Wisps of smoke drift from your hands.
The orc wizard closely misses your crimson imp.
Your crimson imp blinks!
You hit the orc wizard but do no damage.
The orc wizard is almost dead.
The orc wizard points at you and mumbles some strange words.
The puff of flame hits you!
You die...

########## #.5......#
#........#
###........######
#...............##
#.#..........>...#
#.##ยง@...........#
#..#o###.........####
##.#.# #...(..(.....#
#{#.# #......(.#.#.#
#.#.# #........#...#
#.#.# #........#..##
#.#.# #........#..###
#.#. #..............
#.# ##########.....


You could see an orc wizard and a friendly crimson imp.

Vanquished Creatures
  A water moccasin (D:5)
  An orc warrior (D:5)
  A sky beast (D:6)
  A phantom (D:6)
  An ogre (D:5)
  A centaur (D:5)
  A bullfrog (D:5)
  A scorpion (D:4)
  3 wights
  A crimson imp (D:5)
  A centaur skeleton (D:5)
  2 hounds
  A jelly (D:5)
  A bullfrog skeleton (D:6)
  An orc priest (D:4)
  2 orc wizards
  3 worker ants
  2 worker ant zombies
  13 gnolls
  A howler monkey skeleton (D:4)
  4 adders
  An ooze (D:1)
  An adder skeleton (D:5)
  2 worms
  A dart slug (D:1)
  6 leopard geckos
  11 orcs
  5 bats
  4 giant cockroaches
  11 goblins
  6 hobgoblins
  2 jackals
  3 quokkas
  3 ball pythons
  5 frilled lizards
  8 kobolds
  8 rats
120 creatures vanquished.

Vanquished Creatures (collateral kills)
  A wight (D:5)
  A gnoll (D:2)
  An orc (D:5)
3 creatures vanquished.

Grand Total: 123 creatures vanquished

Notes
Turn   | Place    | Note
-------+----------+-------------------------------------------
     0 | D:1      | XanderDroid the Gnoll Wizard began the quest for the Orb.
     0 | D:1      | Reached XP level 1. HP: 13/13 MP: 8/8
   104 | D:1      | Reached XP level 2. HP: 19/19 MP: 1/10
   108 | D:1      | Learned a level 2 spell: Blink
   111 | D:1      | Learned a level 2 spell: Call Imp
   424 | D:1      | Reached XP level 3. HP: 17/25 MP: 7/11
   436 | D:1      | Learned a level 3 spell: Conjure Flame
   440 | D:1      | Learned a level 3 spell: Mephitic Cloud
   905 | D:2      | Reached skill level 1 in Invocations
  1006 | D:2      | Reached skill level 1 in Fighting
  1006 | D:2      | Reached skill level 1 in Short Blades
  1006 | D:2      | Reached skill level 1 in Long Blades
  1006 | D:2      | Reached skill level 1 in Axes
  1006 | D:2      | Reached skill level 1 in Maces & Flails
  1006 | D:2      | Reached skill level 1 in Polearms
  1006 | D:2      | Reached skill level 1 in Staves
  1006 | D:2      | Reached skill level 1 in Slings
  1006 | D:2      | Reached skill level 1 in Bows
  1006 | D:2      | Reached skill level 1 in Crossbows
  1006 | D:2      | Reached skill level 1 in Throwing
  1006 | D:2      | Reached skill level 1 in Armour
  1006 | D:2      | Reached skill level 1 in Shields
  1006 | D:2      | Reached skill level 1 in Unarmed Combat
  1006 | D:2      | Reached skill level 1 in Evocations
  1132 | D:2      | Reached XP level 4. HP: 32/32 MP: 9/13
  1716 | D:3      | Reached skill level 1 in Hexes
  1716 | D:3      | Reached skill level 1 in Charms
  1716 | D:3      | Reached skill level 1 in Necromancy
  1716 | D:3      | Reached skill level 1 in Transmutations
  1716 | D:3      | Reached skill level 1 in Fire Magic
  1716 | D:3      | Reached skill level 1 in Ice Magic
  1716 | D:3      | Reached skill level 1 in Air Magic
  1716 | D:3      | Reached skill level 1 in Earth Magic
  1716 | D:3      | Reached skill level 1 in Poison Magic
  1838 | D:3      | Reached XP level 5. HP: 9/37 MP: 5/14
  1865 | D:2      | HP: 1/37 [poisoned by a worker ant]
  2462 | D:3      | Found a shattered altar of Ashenzari.
  2462 | D:3      | Found a glowing golden altar of the Shining One.
  2469 | D:3      | Became a worshipper of Ashenzari the Shackled
  2670 | D:3      | Found an ancient bone altar of Kikubaaqudgha.
  3089 | D:4      | Reached XP level 6. HP: 26/44 MP: 8/16
  3942 | D:4      | Reached skill level 5 in Dodging
  3951 | D:4      | Found a hazy altar of Hepliaklqana.
  3952 | D:4      | Found a shadowy altar of Dithmenos.
  3953 | D:4      | Found a basalt altar of Yredelemnul.
  4040 | D:5      | Entered Level 5 of the Dungeon
  4459 | D:5      | Reached XP level 7. HP: 28/50 MP: 11/18
  4617 | D:5      | Found a stormy altar of Qazlal.
  4816 | D:5      | Reached skill level 5 in Stealth
  5641 | D:5      | Reached XP level 8. HP: 40/57 MP: 15/19
  6167 | D:5      | HP: 2/58 [orc/+0 hand axe (5)]
  7101 | D:6      | Reached skill level 8 in Spellcasting
  7156 | D:6      | Killed from afar by an orc wizard

Vault maps used:
D:1:      tarquinn_simple_flora_water_b, minmay_cut_off
D:2:      first_ration
D:3:      kiku_gazebo_garden_becter, gammafunk_temple_overflow_elements
D:4:      gammafunk_temple_overflow_claw
D:5:      nicolae_overflow_crystal_walls
D:6:      tgw_xom

Skill      XL: |  1  2  3  4  5  6  7  8 |
---------------+-------------------------+-----
Conjurations   | 2 3 |  3.5
Summonings     | 2 3 |  3.5
Translocations | 2 3 |  3.5
Invocations    | 1 2 3 |  3.7
Fighting       | 1 2 3 |  3.4
Short Blades   | 1 2 3 |  3.4
Long Blades    | 1 2 3 |  3.4
Axes           | 1 2 3 |  3.4
Maces & Flails | 1 2 3 |  3.4
Polearms       | 1 2 3 |  3.4
Staves         | 1 2 3 |  3.4
Slings         | 1 2 3 |  3.4
Bows           | 1 2 3 |  3.4
Crossbows      | 1 2 3 |  3.4
Throwing       | 1 2 3 |  3.4
Armour         | 1 2 3 |  3.4
Shields        | 1 2 3 |  3.4
Unarmed Combat | 1 2 3 |  3.4
Evocations     | 1 2 3 |  3.4
Hexes          | 1 2 |  2.8
Charms         | 1 2 |  2.8
Necromancy     | 1 2 |  2.8
Transmutations | 1 2 |  2.8
Fire Magic     | 1 2 |  2.8
Ice Magic      | 1 2 |  2.8
Air Magic      | 1 2 |  2.8
Earth Magic    | 1 2 |  2.8
Poison Magic   | 1 2 |  2.8
Dodging        | 5 |  5.8
Stealth        | 5 |  5.4
Spellcasting   | 8 |  8.0

Action                   |  1- 3 |  4- 6 |  7- 9 || total
-------------------------+-------+-------+-------++-------
Melee: Dagger            |    22 |       |    45 ||    67
       Unarmed           |    11 |       |       ||    11
       Bite              |     4 |    14 |    15 ||    33
       Short sword       |     7 |     3 |       ||    10
       Spear             |       |    88 |    34 ||   122
       Punch             |       |       |     1 ||     1
 Cast: Magic Dart        |    80 |   164 |   155 ||   399
       Call Imp          |       |     4 |    24 ||    28
       Mephitic Cloud    |       |     5 |    11 ||    16
       Blink             |       |       |     1 ||     1
Invok: Curse Item        |       |     1 |       ||     1
  Use: Scroll            |       |     5 |     3 ||     8
       Potion            |       |       |     1 ||     1
 Stab: Confused          |       |     3 |     8 ||    11
  Eat: Chunk             |     1 |     6 |     4 ||    11
       Ration            |       |     1 |     2 ||     3
Armor: Robe              |    13 |    10 |    10 ||    33
Dodge: Dodged            |    52 |   114 |   101 ||   267

Table legend:
 A = Non-vault XP
 B = Vault XP
 C = Vault XP percentage of total XP
 D = Non-vault monster count
 E = Vault monster count
 F = Vault count percentage of total count
                 A         B        C        D         E       F
            +---------+---------+-------+---------+---------+-------
      Total |    1967 |       4 |   0.2 |     120 |       3 |   2.4
            +---------+---------+-------+---------+---------+-------
        D:1 |      64 |       4 |   5.9 |      25 |       3 |  10.7
        D:2 |      61 |       0 |   0.0 |      16 |       0 |   0.0
        D:3 |     120 |       0 |   0.0 |      20 |       0 |   0.0
        D:4 |     307 |       0 |   0.0 |      22 |       0 |   0.0
        D:5 |     941 |       0 |   0.0 |      20 |       0 |   0.0
        D:6 |     474 |       0 |   0.0 |      17 |       0 |   0.0
            +---------+---------+-------+---------+---------+-------
